 Dungeon Crawl Stone Soup version 0.29.1-2-gbd0b4ee654 (webtiles) character file.

Game seed: 11421553584105947434

922 CryoSword the Grave Robber (level 7, 0/53 HPs)
             Began as a Mummy Necromancer on Nov 14, 2022.
             Slain by a gnoll
             ... wielding a +0 flail
             ... led by a gnoll bouda
              (9 damage)
             ... on level 5 of the Dungeon.
             The game lasted 00:09:45 (5171 turns).

CryoSword the Grave Robber (Mummy Necromancer)      Turns: 5171, Time: 00:09:45

Health: 0/53       AC:  4    Str: 11    XL:     7   Next: 84%
Magic:  0/11       EV: 12    Int: 17    God:
Gold:   108        SH:  0    Dex: 12    Spells: 4/12 levels left

rFire   x . .      SeeInvis .   i - +4 morningstar (venom)
rCold   + . .      Faith    .   (no shield)
rNeg    + + +      Spirit   .   a - +0 robe
rPois   ∞          Reflect  .   e - +0 helmet
rElec   .          Harm     .   g - scarf {shadows}
rCorr   .          Rampage  .   (no gloves)
Will    .....                   j - +0 pair of boots
Stlth   ++........              m - amulet of regeneration
HPRegen 0.97/turn               n - ring of wizardry
MPRegen 0.12/turn               (no ring)

@: animating dead
A: cold resistance 1, negative energy resistance 3, torment resistance 2, heat
vulnerability 1, in touch with death 1, no potions
a: no special abilities


You were on level 5 of the Dungeon.
You visited 1 branch of the dungeon, and saw 5 of its levels.

You collected 257 gold pieces.
You spent 149 gold pieces at shops.

Inventory:

Hand Weapons
 i - a +4 morningstar of venom (weapon)
   (You found it on level 1 of the Dungeon)
Missiles
 b - 5 poisoned darts
 f - 2 throwing nets
 l - 3 boomerangs
Armour
 a - a +0 robe (worn)
 e - a +0 helmet (worn)
   (You found it on level 1 of the Dungeon)
 g - a scarf of shadows (worn)
   (You found it on level 1 of the Dungeon)
 j - a +0 pair of boots (worn)
   (You found it on level 2 of the Dungeon)
Jewellery
 m - an amulet of regeneration (around neck)
   (You found it on level 4 of the Dungeon)
 n - a ring of wizardry (left hand)
   (You found it on level 3 of the Dungeon)
Wands
 p - a wand of paralysis (4)
   (You took it off an orc on level 4 of the Dungeon)
Scrolls
 c - a scroll of poison {unknown}
 d - 4 scrolls of teleportation {@r4}
 h - 2 scrolls of fear
 k - a scroll of fog
 o - 2 scrolls of identify {@r1}
 q - 3 scrolls of blinking {unknown}


   Skills:
 + Level 3.7 Fighting
 * Level 4.3 Maces & Flails
 - Level 1.5 Dodging
 - Level 1.5 Stealth
 - Level 3.1 Spellcasting
 * Level 7.0 Necromancy


You had 4 spell levels left.
You knew the following spells:

 Your Spells              Type           Power      Damage    Failure   Level
a - Necrotise             Necr           100%       1d9       1%          1
b - Vampiric Draining     Necr           40%        2d8       1%          3
z - Animate Dead          Necr           40%        N/A       4%          4

Your spell library contained the following spells:

 Spells                   Type           Power      Damage    Failure   Level
 Apportation              Tloc           4%         N/A       7%          1
 Slow                     Hex            8%         N/A       7%          1
 Confusing Touch          Hex            2%         N/A       21%         3
 Frozen Ramparts          Ice            4%         1d1       21%         3
 Summon Ice Beast         Ice/Summ       2%         N/A       52%         4
 Agony                    Necr           40%        N/A       11%         5
 Alistair's Intoxication  Tmut/Pois      1%         N/A       86%         5
 Ice Form                 Ice/Tmut       Unusable   N/A       N/A         4

Dungeon Overview and Level Annotations

Branches:
Dungeon (5/15)             Temple (0/1) D:5

Altars:
Dithmenos
Sif Muna

Shops:
D:2 [*   D:4 *

Annotations:
D:3 Grinder


Innate Abilities, Weirdness & Mutations

You are immune to poison.
Your flesh is cold resistant. (rC+)
You are immune to negative energy. (rN+++)
You are immune to unholy pain and torment.
You are vulnerable to heat. (rF-)
You are in touch with the powers of death.
You do not drink.


Message History

The iguana barely misses you.
You miss the orc wizard.
The orc wizard hits you but does no damage.
The iguana bites you.
You sock the orc wizard!
You kill the orc wizard!
The dead are walking!
The iguana bites you.
You puncture the iguana!
The iguana is poisoned.
The orc hits you with a +0 club. The iguana completely misses you.
Aim: an iguana (heavily wounded, very poisoned, ally target)
You feel a surge of power!
You draw life force from the iguana!
You feel life coursing into your body. The orc closely misses you.
The iguana barely misses you.
Aim: an iguana (almost dead, very poisoned, ally target)
You feel a surge of power!
You draw life force from the iguana!
You kill the iguana!
You feel life coursing into your body.
The dead are walking!
The orc hits you with a +0 club.
You don't have enough magic to cast this spell.
Unknown command.
You puncture the orc!
You kill the orc!
The dead are walking!
Your reaping aura is weakening.
Your reaping aura expires.
You swap places.
You now have 108 gold pieces (gained 15).
Items here: )) [ †.
Key pressed, stopping explore.
You swap places.
Found a stone staircase leading up.
You pick up a book of Rime and begin reading...
You add the spells Frozen Ramparts and Summon Ice Beast to your library.
A howler monkey comes into view.
A howler monkey is nearby!
A howler monkey is nearby!
The howler monkey howls!
The howler monkey hoots and howls with incredible vigour!
The howler monkey barely misses you.
You closely miss the howler monkey.
The howler monkey hoots and howls with incredible vigour!
The howler monkey closely misses you.
You barely miss the howler monkey. The howler monkey hits you!
The howler monkey hoots and howls with incredible vigour!
You hit the howler monkey.
Your orc wizard zombie closely misses the howler monkey.
The howler monkey misses you.
You barely miss the howler monkey.
The howler monkey hits you but does no damage.
Your orc wizard zombie hits the howler monkey.
The howler monkey hits you.
You closely miss the howler monkey.
Your orc wizard zombie misses the howler monkey.
The howler monkey hits you but does no damage.
Your iguana zombie barely misses the howler monkey.
You sock the howler monkey!
The howler monkey is poisoned.
The howler monkey hoots and howls with incredible vigour!
Your orc wizard zombie hits the howler monkey.
The howler monkey dies!
No target in view!
No target in view!
Found a stone staircase leading down.
Found a hand axe.
You swap places.
You swap places.
Key pressed, stopping explore.
You swap places.
There is a shimmering blue altar of Sif Muna here.
Key pressed, stopping explore. 2 gnolls come into view.
A gnoll bouda comes into view. It is wielding a +0 whip.
The gnoll bouda shouts!
The gnoll bouda barks out a call to the hunt!
The gnoll picks up the pace!
The gnoll shouts!
You hear a shout! x2
A gnoll comes into view. It is wielding a +0 club.
Found 3 poisoned darts.
A gnoll comes into view. It is wielding a +0 club.
The gnoll moves out of view.
Found a staircase to the Ecumenical Temple.
An orc comes into view. It is wielding a +0 hand axe.
Found a ring mail.
The orc shouts!
The gnoll closely misses you.
Aim: a gnoll bouda, wielding a +0 whip and wearing a +0 robe (ally target)
You feel a surge of power!
You draw life force from the gnoll bouda!
The gnoll bouda hits you with a +0 whip.
The gnoll hits you with a +0 flail. The gnoll barely misses you.
The gnoll hits you with a +0 club.
Aim: a gnoll bouda, wielding a +0 whip and wearing a +0 robe (heavily wounded, ally target)
You feel a surge of power!
You draw life force from the gnoll bouda!
You kill the gnoll bouda!
You feel life coursing into your body. The gnoll closely misses you.
The gnoll completely misses you. The gnoll hits you with a +0 club.
Your Necromancy skill increases to level 7!
You swap places.
The gnoll completely misses your iguana zombie.
The gnoll hits your orc zombie with a +0 club!
Your orc zombie is destroyed!
The gnoll hits your iguana zombie with a +0 club.
The gnoll hits your iguana zombie with a +0 flail!
Your iguana zombie bites the gnoll.
The gnoll hits your iguana zombie with a +0 club.
The gnoll barely misses you. x2
You closely miss the gnoll.
The gnoll closely misses your iguana zombie.
The gnoll barely misses your iguana zombie.
The gnoll closely misses you.
Your iguana zombie bites the gnoll.
The gnoll hits you from afar with a +0 halberd.
The gnoll hits your iguana zombie with a +0 flail.
Your iguana zombie is destroyed!
The gnoll misses you.
You feel a surge of power!
You dismiss your zombies and call upon the dead to rise afresh.
Your orc wizard zombie crumbles into dust!
The gnoll hits you from afar with a +0 halberd.
The gnoll closely misses you. x2
You hit the gnoll. The gnoll closely misses you.
The gnoll hits you with a +0 club.
* * * LOW HITPOINT WARNING * * *
The gnoll hits you but does no damage. The gnoll closely misses you.
The gnoll hits you with a +0 club.
* * * LOW HITPOINT WARNING * * *
The gnoll attacks as you move away! The gnoll hits you with a +0 club.
* * * LOW HITPOINT WARNING * * *
You don't have enough magic to cast this spell.
You puncture the gnoll!
You kill the gnoll!
The gnoll closely misses you.
You completely miss the gnoll.
The gnoll is no longer moving quickly.
The gnoll barely misses you. The gnoll closely misses you.
The gnoll hits you from afar with a +0 halberd!
* * * LOW HITPOINT WARNING * * *
You puncture the gnoll! The gnoll misses you.
The gnoll hits you from afar with a +0 halberd!
* * * LOW HITPOINT WARNING * * *
The gnoll is no longer moving quickly.
The gnoll misses you.
The gnoll is no longer moving quickly.
The gnoll attacks as you move away! The gnoll hits you with a +0 club.
* * * LOW HITPOINT WARNING * * *
Aim: a gnoll, wielding a +0 club (almost dead)
You feel a surge of power!
You draw life force from the gnoll!
You kill the gnoll!
You feel life coursing into your body.
The dead are walking!
Your gnoll zombie hits the gnoll.
The orc hits your gnoll zombie with a +0 hand axe.
The gnoll attacks as you move away! The gnoll hits you with a +0 flail!
You die...

# #.# ##...#.# ..#
#.# ##)...... #.#
#.# #.g....###
#.### #.# #)#[.....
#...####.#
#o##...##
#....Z.Z.###.##..##
..#.####.##.o##..#
............Zg..g#
..#...##.#.#####@#
.####.##...# #.##
## .##..## #..## #
..#..# ##<.## #
.#..# ##.[# ## ...#
##.# .### ..
###.#####
...####...
#.......#
.........#
#.......#


You could see 2 gnolls, an orc and a friendly gnoll zombie.

Vanquished Creatures
  A black bear (D:4)
  3 phantoms
  A howler monkey (D:4)
  A gnoll bouda (D:5)
  3 hounds
  An orc priest (D:5)
  Jessica (D:3)
  3 iguanas (D:5)
  2 orc wizards
  2 scorpion zombies (D:4)
  5 adders
  2 gnolls (D:5)
  2 ufetubi
  An adder zombie (D:4)
  An adder skeleton (D:4)
  2 worms
  3 dart slugs
  11 orcs
  2 bats
  3 endoplasms
  5 giant cockroaches
  8 goblins
  9 hobgoblins
  4 jackals
  4 quokkas
  5 ball pythons
  10 frilled lizards
  5 kobolds
  4 rats
104 creatures vanquished.

Vanquished Creatures (collateral kills)
  A howler monkey (D:5)
1 creature vanquished.

Vanquished Creatures (others)
  An iguana zombie (D:5)
  A ball python zombie (D:4)
  A hobgoblin zombie (D:4)
  A jackal zombie (D:4)
  An orc zombie (D:5)
  4 withered plants (D:4)
9 creatures vanquished.

Grand Total: 114 creatures vanquished

Notes
Turn   | Place    | Note
-------+----------+-------------------------------------------
     0 | D:1      | CryoSword the Mummy Necromancer began the quest for the
                  | Orb.
     0 | D:1      | Reached XP level 1. HP: 13/13 MP: 4/4
   313 | D:1      | Reached XP level 2. HP: 14/20 MP: 0/5
   407 | D:1      | Found a faded altar of an unknown god.
   809 | D:1      | Reached skill level 1 in Fighting
  1646 | D:2      | Gained mutation: You are in touch with the powers of death.
                  | [Mummy growth]
  1646 | D:2      | Reached XP level 3. HP: 26/26 MP: 4/7
  1759 | D:2      | Learned a level 3 spell: Vampiric Draining
  1874 | D:2      | Found Isyfejenk's Antique Armour Boutique.
  2115 | D:2      | Found Soexuczi's Assorted Antiques.
  2127 | D:2      | Bought a scroll labelled MUMAIT JOMMI for 23 gold pieces
  2440 | D:3      | Found a shadowy altar of Dithmenos.
  2752 | D:3      | Reached skill level 1 in Maces & Flails
  2757 | D:3      | Reached XP level 4. HP: 28/32 MP: 4/8
  2860 | D:3      | Noticed Grinder
  3225 | D:3      | Noticed Jessica
  3228 | D:3      | Killed Jessica
  3229 | D:3      | Reached skill level 5 in Necromancy
  3403 | D:4      | Reached XP level 5. HP: 38/38 MP: 1/9
  3454 | D:4      | Learned a level 4 spell: Animate Dead
  3514 | D:4      | Noticed a black bear
  3528 | D:4      | Noticed a phantom
  3541 | D:3      | Killed a phantom
  3542 | D:3      | Reached XP level 6. HP: 30/46 MP: 10/10
  3700 | D:4      | Reached skill level 6 in Necromancy
  3961 | D:4      | Found Zirouran's General Store.
  3963 | D:4      | Found Tuosaolo's Specific Store.
  3968 | D:4      | Bought a scroll of identify for 24 gold pieces
  3968 | D:4      | Bought a scroll of enchant weapon for 90 gold pieces
  3974 | D:4      | Bought a scroll of noise for 12 gold pieces
  4031 | D:4      | Reached XP level 7. HP: 47/52 MP: 11/11
  4349 | D:4      | Paralysed by an orc for 3 turns
  4573 | D:5      | Entered Level 5 of the Dungeon
  4573 | D:5      | Found a shimmering blue altar of Sif Muna.
  5150 | D:5      | Found a staircase to the Ecumenical Temple.
  5154 | D:5      | Reached skill level 7 in Necromancy
  5171 | D:5      | Slain by a gnoll

Illustrated notes

Levels and vault maps discovered:
D:1:      psy_arrival_whirlpool, layout_basic, ebering_ecumenical_altar_hall,
          st_stairs_5, nicolae_wormholes
D:2:      layout_loops_corners, serial_shops, nicolae_shop_stone,
          nicolae_lakefront_shop, chequers_decorated_corner
D:3:      minmay_recursive_quarters, layout_basic,
          nicolae_elyvilon_peaceful_grove, mainiacjoe_overflow_six_doors_small,
          nicolae_hexahallways, uniq_grinder, uniq_jessica
D:4:      minmay_razor_zed, layout_basic, serial_undead, serial_undead_c,
          serial_undead_b, serial_undead_c, serial_undead_f,
          nicolae_specific_store
D:5:      layout_rooms, mainiacjoe_overflow_boulevard, minmay_temple_entry_grid

Skill      XL: |  1  2  3  4  5  6  7 |
---------------+----------------------+-----
Spellcasting   | 3 |  3.1
Fighting       | 1 2 3 |  3.7
Maces & Flails | 1 2 3 4 |  4.3
Necromancy     | 5 6 7 |  7.0
Dodging        | |  1.5
Stealth        | |  1.5

Action                   |  1- 3 |  4- 6 |  7- 9 || total
-------------------------+-------+-------+-------++-------
Melee: Dagger            |    10 |       |       ||    10
       Unarmed           |     4 |       |       ||     4
       Morningstar       |    15 |    74 |    68 ||   157
       Punch             |       |     3 |     2 ||     5
 Cast: Necrotise         |    69 |    12 |       ||    81
       Vampiric Draining |       |     7 |     7 ||    14
       Animate Dead      |       |     1 |     7 ||     8
  Use: Scroll            |       |     6 |       ||     6
 Stab: Sleeping          |       |       |     2 ||     2
Armor: Robe              |    14 |    31 |    14 ||    59
Dodge: Dodged            |    35 |    58 |    70 ||   163
